 Dungeon Crawl Stone Soup version 0.30-a0-737-gf23d94013f (webtiles) character file.

Game seed: 6113394624805551120

364 BigDaddyOpFi the Shooter (level 6, -1/48 HPs)
             Began as a Demonspawn Hunter on Feb 1, 2023.
             Slain by a meliai (shapeshifter)
             ... wielding a +0 dagger
             ... led by Robin
              (4 damage)
             ... on level 3 of the Dungeon on Feb 2, 2023.
             The game lasted 00:04:22 (2444 turns).

BigDaddyOpFi the Shooter (Demonspawn Hunter)        Turns: 2444, Time: 00:04:23

Health: -1/48      AC:  9    Str: 12    XL:     6   Next: 39%
Magic:  6/6        EV: 12    Int: 15    God:
Gold:   49         SH:  0    Dex: 15    Spells: 5/5 levels left

rFire   . . .      SeeInvis .    t - +3 quarterstaff (chaos)
rCold   . . .      Faith    .    (shield currently unavailable)
rNeg    . . .      Spirit   .    c - +0 leather armour
rPois   +          Reflect  .    o - +2 hat
rElec   .          Harm     .    u - +0 cloak
rCorr   .          Rampage  .    (no gloves)
Will    .....                    (no boots)
Stlth   ++                       (no amulet)
HPRegen 0.28/turn                l - ring of poison resistance
MPRegen 0.10/turn                (no ring)

@: no status effects
A: hooves 1, icy blue scales 2, clever 1
a: no special abilities


You were on level 3 of the Dungeon.
You visited 1 branch of the dungeon, and saw 3 of its levels.

You collected 49 gold pieces.

Inventory:

Hand Weapons
 a - a +0 shortbow
 g - a +0 mace
 t - a +3 quarterstaff of chaos (weapon)
Armour
 c - a +0 leather armour (worn)
 o - a +2 hat (worn)
 u - a +0 cloak (worn)
Jewellery
 l - a ring of poison resistance (left hand)
Scrolls
 b - 2 scrolls of immolation
 f - 3 scrolls of poison
 h - a scroll of butterflies
 q - a scroll of identify
 v - a scroll of magic mapping {unknown}
Potions
 d - a potion of magic {unknown}
 e - a potion of haste {unknown}
 i - 2 potions of berserk rage {unknown}
 j - 2 potions of ambrosia {unknown}
 k - 2 potions of invisibility
 m - a potion of flight {unknown}
 n - a potion of might {unknown}
 p - a potion of degeneration {unknown}
 r - a potion of attraction {unknown}


   Skills:
 + Level 3.8 Fighting
 + Level 4.7 Ranged Weapons
 + Level 3.4 Dodging
 + Level 3.1 Stealth


You had 5 spell levels left.
You didn't know any spells.
Your spell library was empty.

Dungeon Overview and Level Annotations

Branches:
Dungeon (3/15)

Altars:

Shops:
D:1 !=

Portals:
Abyss: D:3

Annotations:
D:3 2 transporters, epsilonplus's ghost, amateur TeHu


Innate Abilities, Weirdness & Mutations

You have large cloven feet.
You are mostly covered in icy blue scales. (AC +3)
Your mind is acute. (Int +4, Str/Dex -1)


Message History

The goblin closely misses you. The hobgoblin hits you.
The hobgoblin no longer looks unusually strong.
You see here a hobgoblin corpse.
You hit the goblin. You burn the goblin.
You kill the goblin!
The goblin barely misses you.
You barely miss the goblin. You kick the goblin, but do no damage.
The goblin no longer looks unusually strong.
The goblin hits you but does no damage.
You hit the goblin.
You kill the goblin!
The goblin no longer looks unusually strong.
The goblin hits you but does no damage.
The crimson imp blinks!
You closely miss the goblin. Your kick misses the goblin.
The goblin hits you with a +0 dagger. x2; The goblin closely misses you.
The goblin hits you but does no damage.
You hit the goblin.
The goblin changes into a shapeshifter!
The shapeshifter is severely wounded.
The shapeshifter changes into a meliai!
The goblin hits you with a +0 dagger. The goblin hits you but does no damage.
You miss the meliai. You kick the meliai.
The meliai is lightly wounded.
The meliai picks up a +0 dagger.
The meliai wields a +0 dagger.
The goblin completely misses you. The goblin hits you but does no damage.
You hit the meliai.
The meliai is moderately wounded.
The meliai hits you with a +0 dagger. The meliai barely misses you.
The meliai hits you with a +0 dagger.
The meliai stings you but does no damage.
The goblin hits you with a +0 dagger. The goblin hits you but does no damage.
The meliai hits you with a +0 dagger!
* * * LOW HITPOINT WARNING * * *
The meliai stings you but does no damage.
You hit the meliai. You freeze the meliai. Your kick misses the meliai.
The meliai is heavily wounded.
The meliai hits you with a +0 dagger.
* * * LOW HITPOINT WARNING * * *
The meliai closely misses you. The goblin barely misses you. x2
The meliai hits you but does no damage. The meliai stings you.
You die... ####..##### ##.....# ##..... ... ###.#.# #...... .5. #...#.# #.#... .'.# #.#.#.# #.#..# ..... #####.#...# #....##.... ......##..## #g#Z..'.._ ...........# #g#gJ)# ...........### #@ggg#

#..###.......###y#g.# #
####.##.......##.#..####.##
###...#....#..##.#.........
......#....#..##...........
...^#.##.......>.#.........
x#####.##..##.#.##.........
##.#..###..##.#.##.........
#..##W##........##.........


You could see a meliai shaped shifter, an endoplasm, 2 hobgoblins and 5 goblins.

Vanquished Creatures
  Sigmund (D:2)
  Crazy Yiuf (D:2)
  2 orc priests (D:3)
  Jessica (D:2)
  Robin (D:3)
  4 dart slugs
  3 orcs (D:3)
  9 bats
  3 endoplasms
  3 giant cockroaches
  9 goblins
  7 hobgoblins
  4 jackals (D:2)
  4 kobolds
  3 quokkas
  6 ball pythons
  5 frilled lizards
  3 hobgoblin zombies (D:3)
  A kobold skeleton (D:3)
  2 kobold zombies (D:3)
  8 rats
80 creatures vanquished.

Notes
Turn   | Place    | Note
-------+----------+-------------------------------------------
     0 | D:1      | BigDaddyOpFi the Demonspawn Hunter began the quest for the
                  | Orb.
     0 | D:1      | Reached XP level 1. HP: 16/16 MP: 1/1
    36 | D:1      | Found Uhoboj's Distillery.
    62 | D:1      | Reached skill level 1 in Stealth
   109 | D:1      | Gained mutation: You are partially covered in icy blue
                  | scales. (AC +2) [demonic ancestry]
   109 | D:1      | Reached XP level 2. HP: 22/22 MP: 2/2
   264 | D:1      | Found Tehextem's Jewellery Shoppe.
   384 | D:1      | Found a faded altar of an unknown god.
   760 | D:1      | Reached XP level 3. HP: 27/28 MP: 3/3
   889 | D:2      | Noticed Sigmund
   892 | D:2      | Gained mutation: Your mind is acute. (Int +4, Str/Dex -1)
                  | [potion of mutation]
   899 | D:2      | Noticed Jessica
   911 | D:2      | Killed Sigmund
   912 | D:2      | Reached skill level 4 in Ranged Weapons
   912 | D:2      | Gained mutation: You are mostly covered in icy blue scales.
                  | (AC +3) [demonic ancestry]
   912 | D:2      | Reached XP level 4. HP: 23/35 MP: 4/4
   912 | D:2      | Gained mutation: You have large cloven feet. [demonic
                  | ancestry]
   912 | D:2      | Reached XP level 5. HP: 28/41 MP: 5/5
   920 | D:2      | HP: 1/41 [Jessica/nerve-wracking pain (2)]
   922 | D:2      | Killed Jessica
  1489 | D:2      | Found a runed translucent door.
  1490 | D:2      | Noticed Crazy Yiuf
  1731 | D:2      | Killed Crazy Yiuf
  1830 | D:3      | Reached XP level 6. HP: 47/47 MP: 6/6
  1847 | D:3      | Found a one-way gate to the infinite horrors of the Abyss.
  1847 | D:3      | Noticed epsilonplus's ghost (amateur TeHu)
  1861 | D:3      | Found a transporter.
  1862 | D:3      | Noticed a small abomination
  1864 | D:3      | Found a transporter.
  1874 | D:3      | Noticed a small abomination
  2412 | D:3      | Noticed Robin
  2426 | D:3      | Killed Robin
  2441 | D:3      | a goblin changed into a shapeshifter
  2441 | D:3      | Noticed a shapeshifter (shapeshifter)
  2441 | D:3      | a shapeshifter changed into a meliai
  2441 | D:3      | Noticed a meliai (shapeshifter)
  2444 | D:3      | Slain by a meliai (shapeshifter)

Illustrated notes

Levels and vault maps discovered:
D:1:      dpeg_arrival_rooms_b, layout_basic, serial_shops, shop,
          nicolae_shop_window_shopping, dilly_ecumenical_altar_fadedgnrine
D:2:      layout_basic, chequers_serial_rivers_marsh, uniq_sigmund,
          uniq_jessica, uniq_crazy_yiuf_cottage
D:3:      layout_basic, nicolae_tso_besieged_by_evil,
          gammafunk_ghost_abyssal_escape, uniq_robin

Skill      XL: |  1  2  3  4  5  6 |
---------------+-------------------+-----
Stealth        | 1 2 3 |  3.1
Dodging        | 2 3 |  3.4
Fighting       | 3 |  3.8
Ranged Weapons | 4 |  4.7

Action                     |  1- 3 |  4- 6 || total
---------------------------+-------+-------++-------
  Melee: Mace              |    18 |    18 ||    36
         Kick              |       |    12 ||    12
         Quarterstaff      |       |    36 ||    36
   Fire: Shortbow          |    67 |    79 ||   146
    Use: Potion            |     2 |     2 ||     4
         Scroll            |       |     8 ||     8
   Stab: Invisible         |     3 |       ||     3
 Armour: Leather armour    |    14 |    67 ||    81
  Dodge: Dodged            |    61 |   122 ||   183

Table legend: (Time is in decaauts)
 A = Elapsed time spent in this place.
 B = Non-inter-level travel time spent in this place.
 C = Inter-level travel time spent in this place.
 D = Time resting spent in this place.
 E = Time spent auto-exploring this place.
 F = Levels seen in this place.
 G = Mean time per level.
                   A        B        C        D        E       F      G
               +--------+--------+--------+--------+--------+-----+--------+
         Total |   2512 |   2476 |     36 |    110 |   1871 |   3 |  837.3 |
       Dungeon |   2512 |   2476 |     36 |    110 |   1871 |   3 |  837.3 |
               +--------+--------+--------+--------+--------+-----+--------+

Top non-repeatable levels by time:
     D:2: 971 daAuts
     D:1: 900 daAuts
     D:3: 639 daAuts
